AoeStats
← Naranja

Arena

508081625Analyzed
4v4 RM · 13d ago on Sep 20, 2026· 64m 55s· 8 players
Game mode
Random Map
Map size
Large (8 player)
Population
200
Speed
Normal
Resources
Standard
Victory
Conquest
Starting age
Dark Age
Ending age
Imperial Age
RankedLock teamsTeams togetherTeam positionsShared explorationLock speedFull tech treeHidden civsTurbo modeCheats
Victory
Defeat
🇷🇺 Persians · Russia
687
+15
🇫🇷 Goths · France
650
+18
🇷🇺 Turks · Russia
645
+16
🇷🇺 Poles · Russia
603
+19
🇦🇷 Vietnamese · Argentina
675
-17
🇪🇸 Celts · Spain
665
-17
🇵🇱 Byzantines · Poland
660
-17
🇦🇷 Portuguese · Argentina
619
-15
Hash
11:02 Feudal Age
12:32 Wheelbarrow
15:14 Wheelbarrow
16:05 Double-Bit Axe
19:15 Forging
21:09 Horse Collar
21:49 Scale Mail Armor
25:21 Castle Age
23:18 Man-at-Arms
29:23 Heavy Plow
29:53 Bow Saw
32:19 Hand Cart
35:32 Town Watch
37:02 Gold Mining
40:26 Imperial Age
39:00 Town Patrol
38:46 Loom
40:25 Husbandry
42:32 Bloodlines
43:58 Chain Mail Armor
44:33 Iron Casting
45:37 Scale Barding Armor
45:02 Cavalier
45:03 Heavy Camel Rider
46:33 Conscription
47:26 Caravan
47:37 Guilds
49:41 Two-Man Saw
50:21 Elite Janissary
51:39 Hoardings
53:54 Artillery
60:53 Plate Mail Armor
61:26 Blast Furnace
60:47 Chain Barding Armor
Я_НЕ_ПЛАЧУ
14:27 Feudal Age
15:34 Feudal Age
16:50 Feudal Age
17:05 Feudal Age
23:22 Castle Age
23:08 Double-Bit Axe
26:01 Wheelbarrow
26:35 Caravan
26:20 Horse Collar
26:58 Bow Saw
27:19 Scale Barding Armor
27:15 Scale Mail Armor
27:25 Forging
28:04 Heavy Plow
31:01 Hand Cart
31:06 Arson
31:34 Gold Mining
32:23 Pikeman
33:06 Squires
33:52 Iron Casting
33:32 Chain Mail Armor
33:44 Chain Barding Armor
38:27 Imperial Age
38:09 Husbandry
38:23 Bloodlines
37:49 Light Cavalry
39:23 Winged Hussar
40:57 Conscription
40:00 Elite Obuch
41:51 Plate Mail Armor
42:22 Blast Furnace
45:31 Stone Mining
46:36 Lechitic Legacy
46:30 Szlachta Privileges
47:47 Crop Rotation
49:20 Stone Shaft Mining
48:29 Cavalier
53:09 Chemistry
52:30 Ballistics
63:49 Town Watch
63:52 Loom
64:40 Coinage
VET
12:53 Feudal Age
13:57 Feudal Age
14:17 Double-Bit Axe
15:09 Wheelbarrow
14:16 Horse Collar
15:38 Gold Mining
16:19 Stone Mining
25:56 Castle Age
25:06 Fletching
25:17 Padded Archer Armor
27:08 Bow Saw
27:15 Hand Cart
27:38 Gold Shaft Mining
27:42 Stone Shaft Mining
27:07 Bodkin Arrow
27:28 Leather Archer Armor
27:27 Caravan
30:42 Heavy Plow
31:27 Ballistics
37:17 Imperial Age
34:36 Town Watch
35:40 Town Patrol
35:54 Masonry
35:54 Scale Barding Armor
37:15 Chain Barding Armor
37:05 Forging
36:57 Murder Holes
38:17 Conscription
38:34 Hoardings
38:11 Elite War Elephant
40:13 Iron Casting
40:14 Plate Barding Armor
41:08 Citadels
42:01 Architecture
41:22 Heated Shot
42:33 Chemistry
42:35 Blast Furnace
42:06 Ring Archer Armor
41:39 Scale Mail Armor
55:33 Sappers
56:03 Kamandaran
56:07 Devotion
56:43 Theocracy
56:03 Herbal Medicine
56:24 Block Printing
56:21 Fervor
56:28 Chain Mail Armor
56:01 Loom
55:40 Pikeman
56:20 Squires
56:06 Arson
56:06 Gambesons
55:42 Man-at-Arms
56:50 Parthian Tactics
55:45 Heavy Cavalry Archer
55:48 Crossbowman
56:33 Thumb Ring
55:49 Elite Skirmisher
Naranja
11:22 Feudal Age
11:53 Horse Collar
12:00 Double-Bit Axe
16:51 Stone Mining
16:51 Gold Mining
19:22 Castle Age
20:54 Bow Saw
20:55 Heavy Plow
22:09 Pikeman
26:58 Stone Shaft Mining
27:02 Wheelbarrow
29:53 Hand Cart
29:25 Town Watch
29:27 Loom
30:51 Town Patrol
31:22 Squires
30:46 Man-at-Arms
31:41 Forging
31:22 Fletching
31:37 Scale Mail Armor
31:23 Long Swordsman
34:47 Anarchy
35:28 Iron Casting
35:09 Chain Mail Armor
39:11 Imperial Age
38:04 Padded Archer Armor
39:47 Leather Archer Armor
41:20 Halberdier
46:20 Blast Furnace
45:51 Ring Archer Armor
45:29 Scale Barding Armor
48:43 Two-Man Saw
47:08 Two-Handed Swordsman
47:41 Elite Huskarl
48:24 Perfusion
48:46 Conscription
48:00 Sappers
48:07 Champion
50:16 Illumination
50:03 Fervor
50:14 Sanctity
52:55 Heavy Scorpion
54:05 Murder Holes
55:12 Chemistry
54:48 Ballistics
54:19 Heated Shot
54:41 Masonry
Drex3968
7:24 Loom
11:42 Feudal Age
20:14 Castle Age
19:08 Horse Collar
19:16 Double-Bit Axe
22:29 Gold Mining
24:12 Pikeman
25:53 Wheelbarrow
25:15 Stone Mining
25:49 Bow Saw
26:33 Heavy Plow
27:47 Gambesons
27:48 Arson
29:35 Hand Cart
29:31 Caravan
30:44 Treadmill Crane
32:00 Stronghold
33:13 Gold Shaft Mining
37:24 Imperial Age
35:00 Town Watch
35:20 Padded Archer Armor
36:29 Stone Shaft Mining
36:17 Fletching
37:19 Murder Holes
39:30 Guilds
40:49 Ballistics
41:24 Conscription
41:52 Heavy Scorpion
44:33 Chemistry
43:31 Bodkin Arrow
43:52 Leather Archer Armor
43:48 Forging
46:11 Leather Archer Armor
46:13 Town Patrol
47:40 Furor Celtica
49:24 Siege Engineers
49:10 Halberdier
50:30 Iron Casting
49:56 Scale Mail Armor
52:12 Hoardings
51:54 Masonry
51:32 Arrowslits
52:47 Ring Archer Armor
53:24 Chain Mail Armor
56:29 Elite Woad Raider
58:51 Fortified Wall
StebMasterG
2:26 Loom
12:52 Feudal Age
17:54 Castle Age
15:48 Fletching
16:50 Double-Bit Axe
23:58 Bodkin Arrow
25:30 Wheelbarrow
25:25 Forging
25:44 Bow Saw
26:15 Padded Archer Armor
28:51 Imperial Age
28:00 Scale Barding Armor
29:16 Iron Casting
31:41 Cavalier
33:34 Chain Barding Armor
37:27 Plate Barding Armor
38:58 Hand Cart
40:34 Paladin
42:19 Murder Holes
42:08 Treadmill Crane
43:30 Chemistry
42:51 Ballistics
44:57 Horse Collar
46:07 Fortified Wall
46:30 Bombard Tower
46:19 Husbandry
47:24 Heavy Plow
47:27 Bracer
47:49 Elite Cataphract
53:00 Two-Man Saw
56:12 Light Cavalry
57:51 Scale Mail Armor
57:40 Pikeman
58:21 Squires
58:08 Arson
59:09 Chain Mail Armor
59:02 Halberdier
60:50 Plate Mail Armor
62:43 Hoardings
Valeentor
0:31 Loom
12:27 Feudal Age
14:11 Double-Bit Axe
14:09 Horse Collar
21:39 Castle Age
21:33 Gold Mining
21:35 Stone Mining
21:48 Padded Archer Armor
23:15 Bow Saw
23:51 Heavy Plow
24:57 Elite Skirmisher
29:54 Stone Shaft Mining
29:59 Wheelbarrow
29:15 Town Watch
31:18 Hand Cart
35:14 Imperial Age
34:13 Caravan
35:39 Leather Archer Armor
35:14 Fletching
35:32 Scale Barding Armor
35:38 Forging
36:03 Bloodlines
35:54 Husbandry
36:38 Chatras
37:32 Crop Rotation
38:20 Two-Man Saw
37:07 Treadmill Crane
37:48 Ballistics
39:15 Ring Archer Armor
38:41 Bodkin Arrow
41:26 Chemistry
40:37 Fortified Wall
40:25 Murder Holes
42:16 Chain Barding Armor
42:32 Iron Casting
41:53 Bodkin Arrow
44:27 Paper Money
45:26 Thumb Ring
44:42 Imperial Skirmisher
46:30 Bracer
46:31 Scale Mail Armor
47:07 Plate Barding Armor
46:50 Elite Fire Lancer
47:15 Arson
47:31 Squires
49:46 Chain Mail Armor
49:43 Pikeman
51:06 Halberdier
54:12 Plate Mail Armor
LordFacha
4:31 Loom
13:58 Feudal Age
15:14 Wheelbarrow
14:20 Horse Collar
14:27 Double-Bit Axe
14:41 Gold Mining
20:52 Castle Age
19:01 Stone Mining
21:48 Hand Cart
21:34 Heavy Plow
21:48 Bow Saw
23:33 Fletching
23:44 Padded Archer Armor
26:27 Stone Shaft Mining
25:21 Crossbowman
25:27 Man-at-Arms
26:16 Pikeman
26:43 Gambesons
26:18 Long Swordsman
31:00 Padded Archer Armor
30:50 Fletching
31:11 Forging
31:02 Scale Mail Armor
32:38 Murder Holes
32:54 Fortified Wall
34:02 Bodkin Arrow
34:23 Leather Archer Armor
34:04 Town Watch
34:35 Masonry
34:06 Treadmill Crane
38:57 Imperial Age
36:32 Town Patrol
36:59 Ballistics
36:27 Long Swordsman
37:19 Thumb Ring
36:35 Elite Skirmisher
39:38 Two-Handed Swordsman
39:46 Arbalester
40:47 Caravan
42:00 Circumnavigation
41:31 Sappers
42:48 Fortified Wall
44:39 Halberdier
45:48 Capped Ram
46:14 Elite Organ Gun
47:21 Conscription
47:18 Halberdier
51:32 Iron Casting
Connection lost

Rejoining the realm…

Still unreachable

The connection could not be restored.

Session expired

The server has moved on; the page needs a fresh start.